| TOP OF THE 1ST |
|
Helena Brewers batting - Pitching for Missoula Osprey : RHP Jason Maki
|
|
Pitching: RHP Jason Maki
|
|
|
Batting: RHB Wiliama Dana
|
0-0: Ball 1-0: Ball 2-0: Foul Ball, location: 2F 2-1: Ball 3-1: SINGLE (Groundball, 56S, EV 64.4 MPH) (infield hit)
|
|
Batting: RHB Mohammed bin Ubaida
|
0-0: Called Strike Wiliama Dana steals 2nd base 0-1: Ball Wild Pitch! Wiliama Dana to third 1-1: Ball 2-1: Ball 3-1: Swinging Strike 3-2: Base on Balls
|
|
Batting: RHB Jeremy Harden
|
0-0: Called Strike 0-1: Called Strike 0-2: Ball 1-2: Foul Ball, location: 2F 1-2: Ball 2-2: Foul Ball, location: 2F 2-2: Ball 3-2: Base on Balls Mohammed bin Ubaida to second
|
|
Batting: LHB Fumito Sakurai
|
0-0: Swinging Strike 0-1: Swinging Strike 0-2: Ball 1-2: Strikes out swinging
|
|
Batting: RHB Tony Beaumond
|
0-0: Called Strike 0-1: Ball 1-1: Ball 2-1: Swinging Strike 2-2: Foul Ball, location: 2F 2-2: Foul Ball, location: 2F 2-2: Foul Ball, location: 2F 2-2: Foul Ball, location: 2F 2-2: Foul Ball, location: 2F 2-2: Ball 3-2: SINGLE (Groundball, 56D, EV 101.2 MPH) Wiliama Dana scores Mohammed bin Ubaida to third Jeremy Harden to second Runner from 3rd tries for Home, SAFE, throw by LF to home
|
|
Batting: RHB Frank Pena
|
0-0: Fly out, F9 (Flyball, 89M, EV 95.6 MPH)
|
|
Batting: RHB Curtis Montgomery
|
0-0: Swinging Strike 0-1: Swinging Strike 0-2: Foul Ball, location: 2F 0-2: Ball 1-2: Ball 2-2: Foul Ball, location: 2F 2-2: Strikes out swinging
|
| Top of the 1st over - 2 runs, 2 hits, 0 errors, 2 left on base; Helena 2 - Missoula 0 |
| BOTTOM OF THE 1ST |
|
Missoula Osprey batting - Pitching for Helena Brewers : RHP Mark Frizzell
|
|
Pitching: RHP Mark Frizzell
|
|
|
Batting: RHB Mike Smith
|
0-0: Called Strike 0-1: Swinging Strike 0-2: Foul Ball, location: 2F 0-2: Ball 1-2: Strikes out swinging
|
|
Batting: RHB Hector Tabares
|
0-0: Foul Ball, location: 2F 0-1: Ball 1-1: Foul Ball, location: 2F 1-2: Strikes out swinging
|
|
Batting: LHB Danny Salas
|
0-0: Ball 1-0: Called Strike 1-1: Called Strike 1-2: Ball 2-2: Ground out U3 (Groundball, 34S, EV 81.2 MPH)
|
| Bottom of the 1st over - 0 runs, 0 hits, 0 errors, 0 left on base; Helena 2 - Missoula 0 |
| TOP OF THE 2ND |
|
Helena Brewers batting - Pitching for Missoula Osprey : RHP Jason Maki
|
|
Batting: RHB Xiao-shuang Au
|
0-0: Ball 1-0: Swinging Strike 1-1: Called Strike 1-2: Foul Ball, location: 2F 1-2: Strikes out swinging
|
|
Batting: LHB Danny Bautista
|
0-0: Foul Ball, location: 2F 0-1: Foul Ball, location: 2F 0-2: Ball 1-2: Ball 2-2: Ball 3-2: Foul Ball, location: 2F 3-2: SOLO HOME RUN (Flyball, 9D, EV 100.0 MPH), Distance : 360 ft
|
|
Batting: RHB Wiliama Dana
|
0-0: Ball 1-0: Ball 2-0: Ball 3-0: Base on Balls
|
|
Batting: RHB Mohammed bin Ubaida
|
0-0: Foul Ball, location: 2F 0-1: Foul Ball, location: 2F 0-2: Fly out, F6 (Line Drive, 6, EV 67.5 MPH)
|
|
Batting: RHB Jeremy Harden
|
0-0: Called Strike Wiliama Dana steals 2nd base 0-1: Ball Wild Pitch! Wiliama Dana to third 1-1: Ball 2-1: Foul Ball, location: 2F 2-2: Ball 3-2: 2-RUN HOME RUN (Flyball, 7LD, EV 93.1 MPH), Distance : 324 ft
|
|
Batting: LHB Fumito Sakurai
|
0-0: Ball 1-0: Foul Ball, location: 2F 1-1: Swinging Strike 1-2: Strikes out swinging
|
| Top of the 2nd over - 3 runs, 2 hits, 0 errors, 0 left on base; Helena 5 - Missoula 0 |
| BOTTOM OF THE 2ND |
|
Missoula Osprey batting - Pitching for Helena Brewers : RHP Mark Frizzell
|
|
Batting: LHB Ron Mills
|
0-0: Foul Ball, location: 2F 0-1: Ball 1-1: Foul Ball, location: 2F 1-2: Foul Ball, location: 2F 1-2: Ball 2-2: Ground out U3 (Groundball, 3L, EV 79.4 MPH)
|
|
Batting: RHB Edwin Romero
|
0-0: Swinging Strike 0-1: Ground out 5-3 (Groundball, 56S, EV 87.5 MPH)
|
|
Batting: RHB Claude Leduc
|
0-0: Ball 1-0: Fly out, F9 (Flyball, 9S, EV 94.4 MPH)
|
| Bottom of the 2nd over - 0 runs, 0 hits, 0 errors, 0 left on base; Helena 5 - Missoula 0 |
| TOP OF THE 3RD |
|
Helena Brewers batting - Pitching for Missoula Osprey : RHP Jason Maki
|
|
Batting: RHB Tony Beaumond
|
0-0: Ball 1-0: Ball 2-0: Called Strike 2-1: Fly out, F7 (Flyball, 7S, EV 86.9 MPH)
|
|
Batting: RHB Frank Pena
|
0-0: Foul Ball, location: 2F 0-1: Ball 1-1: Ball 2-1: Foul Ball, location: 2F 2-2: SOLO HOME RUN (Flyball, 9LD, EV 91.9 MPH), Distance : 354 ft
|
|
Pitching: RHP D.J. Bryant
|
|
|
Batting: RHB Curtis Montgomery
|
0-0: Ball 1-0: Ball 2-0: Ball 3-0: Base on Balls
|
|
Batting: RHB Xiao-shuang Au
|
0-0: Called Strike 0-1: 2-RUN HOME RUN (Flyball, 7LD, EV 89.4 MPH), Distance : 331 ft
|
|
Batting: LHB Danny Bautista
|
0-0: Ball 1-0: Called Strike 1-1: Called Strike 1-2: Strikes out looking
|
|
Batting: RHB Wiliama Dana
|
0-0: Called Strike 0-1: Ball 1-1: Ground out 5-3 (Groundball, 56S, EV 78.8 MPH)
|
| Top of the 3rd over - 3 runs, 2 hits, 0 errors, 0 left on base; Helena 8 - Missoula 0 |
| BOTTOM OF THE 3RD |
|
Missoula Osprey batting - Pitching for Helena Brewers : RHP Mark Frizzell
|
|
Batting: RHB Isaiah Hampton
|
0-0: Ball 1-0: Fly out, F7 (Flyball, 78S, EV 88.8 MPH)
|
|
Batting: RHB Jose Cuellar
|
0-0: Ball 1-0: Ball 2-0: Called Strike 2-1: Foul Ball, location: 2F 2-2: SINGLE (Groundball, 56D, EV 95.0 MPH)
|
|
Batting: RHB David Powell
|
0-0: Ball 1-0: Fielders Choice at 2nd, 5-4 (Groundball, 56S, EV 78.8 MPH)
|
|
Batting: RHB Mike Smith
|
0-0: Hit by Pitch David Powell to second
|
|
Batting: RHB Hector Tabares
|
0-0: Ball 1-0: Fly out, F5 (Popup, 56S, EV 85.6 MPH)
|
| Bottom of the 3rd over - 0 runs, 1 hit, 0 errors, 2 left on base; Helena 8 - Missoula 0 |
| TOP OF THE 4TH |
|
Helena Brewers batting - Pitching for Missoula Osprey : RHP D.J. Bryant
|
|
Batting: RHB Mohammed bin Ubaida
|
0-0: Called Strike 0-1: Ball 1-1: Ball 2-1: Foul Ball, location: 2F 2-2: Ball 3-2: Fly out, F8 (Flyball, 78D, EV 98.1 MPH)
|
|
Batting: RHB Jeremy Harden
|
0-0: Ball 1-0: Ball 2-0: Foul Ball, location: 2F 2-1: Ground out 6-3 (Groundball, 6, EV 110.0 MPH)
|
|
Batting: LHB Fumito Sakurai
|
0-0: Ball 1-0: Called Strike 1-1: Foul Ball, location: 2F 1-2: Strikes out swinging
|
| Top of the 4th over - 0 runs, 0 hits, 0 errors, 0 left on base; Helena 8 - Missoula 0 |
| BOTTOM OF THE 4TH |
|
Missoula Osprey batting - Pitching for Helena Brewers : RHP Mark Frizzell
|
|
Batting: LHB Danny Salas
|
0-0: Ball 1-0: SINGLE (Line Drive, 9S, EV 105.6 MPH)
|
|
Batting: LHB Ron Mills
|
0-0: Ball 1-0: Ball 2-0: DOUBLE (Flyball, 78XD, EV 93.1 MPH) Danny Salas to third
|
|
Batting: RHB Edwin Romero
|
0-0: Called Strike 0-1: Ball 1-1: Foul Ball, location: 2F 1-2: Ball 2-2: Fly out, F8 (Flyball, 8RD, EV 81.9 MPH) Runner from 3rd tags up, SCORES, no throw by CF
|
|
Batting: RHB Claude Leduc
|
0-0: Ball 1-0: DOUBLE (Line Drive, 9LS, EV 115.0 MPH) Ron Mills scores
|
|
Batting: RHB Isaiah Hampton
|
0-0: Ball 1-0: Ball 2-0: Ball 3-0: Called Strike 3-1: Called Strike 3-2: Strikes out looking
|
|
Batting: RHB Jose Cuellar
|
0-0: Ground out 5-3 (Groundball, 56S, EV 89.4 MPH)
|
| Bottom of the 4th over - 2 runs, 3 hits, 0 errors, 1 left on base; Helena 8 - Missoula 2 |
| TOP OF THE 5TH |
|
Helena Brewers batting - Pitching for Missoula Osprey : RHP D.J. Bryant
|
|
Batting: RHB Tony Beaumond
|
0-0: Called Strike 0-1: Ground out 4-3 (Groundball, 13, EV 82.5 MPH)
|
|
Batting: RHB Frank Pena
|
0-0: Called Strike 0-1: Ball 1-1: Foul Ball, location: 2F 1-2: Foul Ball, location: 2F 1-2: Ball 2-2: Strikes out swinging
|
|
Batting: RHB Curtis Montgomery
|
0-0: Called Strike 0-1: Ball 1-1: Foul Ball, location: 2F 1-2: Ball 2-2: Foul Ball, location: 2F 2-2: Ball 3-2: Foul Ball, location: 2F 3-2: Base on Balls
|
|
Batting: RHB Xiao-shuang Au
|
0-0: Ball 1-0: Ball 2-0: Ball 3-0: Called Strike 3-1: Foul Ball, location: 2F 3-2: Foul Ball, location: 2F 3-2: Fly out, F8 (Flyball, 8RD, EV 96.2 MPH)
|
| Top of the 5th over - 0 runs, 0 hits, 0 errors, 1 left on base; Helena 8 - Missoula 2 |
| BOTTOM OF THE 5TH |
|
Missoula Osprey batting - Pitching for Helena Brewers : RHP Mark Frizzell
|
|
Batting: RHB David Powell
|
0-0: Swinging Strike 0-1: Foul Ball, location: 2F 0-2: Ball 1-2: Strikes out swinging
|
|
Batting: RHB Mike Smith
|
0-0: Called Strike 0-1: Foul Ball, location: 2F 0-2: Strikes out swinging
|
|
Batting: RHB Hector Tabares
|
0-0: Ball 1-0: Ball 2-0: Foul Ball, location: 2F 2-1: Called Strike 2-2: Foul Ball, location: 2F 2-2: Strikes out swinging
|
| Bottom of the 5th over - 0 runs, 0 hits, 0 errors, 0 left on base; Helena 8 - Missoula 2 |
| TOP OF THE 6TH |
|
Helena Brewers batting - Pitching for Missoula Osprey : RHP D.J. Bryant
|
|
Pitching: RHP Javier Rosales
|
|
|
Batting: LHB Danny Bautista
|
0-0: Ball 1-0: Ball 2-0: Called Strike 2-1: Foul Ball, location: 2F 2-2: Strikes out swinging
|
|
Batting: RHB Wiliama Dana
|
0-0: Swinging Strike 0-1: Foul Ball, location: 2F 0-2: Fly out, F9 (Flyball, 9D, EV 94.4 MPH)
|
|
Batting: RHB Mohammed bin Ubaida
|
0-0: Ball 1-0: Ball 2-0: Foul Ball, location: 2F 2-1: Ball 3-1: Ground out 5-3 (Groundball, 56, EV 100.0 MPH)
|
| Top of the 6th over - 0 runs, 0 hits, 0 errors, 0 left on base; Helena 8 - Missoula 2 |
| BOTTOM OF THE 6TH |
|
Missoula Osprey batting - Pitching for Helena Brewers : RHP Mark Frizzell
|
|
Batting: LHB Danny Salas
|
0-0: Ball 1-0: Ball 2-0: Called Strike 2-1: Ball 3-1: Swinging Strike 3-2: Foul Ball, location: 2F 3-2: Strikes out swinging
|
|
Batting: LHB Ron Mills
|
0-0: Ball 1-0: Swinging Strike 1-1: Called Strike 1-2: Foul Ball, location: 2F 1-2: Ball 2-2: Strikes out swinging
|
|
Batting: RHB Edwin Romero
|
0-0: Foul Ball, location: 2F 0-1: Ball 1-1: SINGLE (Groundball, 6D, EV 96.2 MPH)
|
|
Pitching: LHP Sam Glaser
|
|
|
Batting: RHB Claude Leduc
|
0-0: Ground out 4-3 (Groundball, 4S, EV 92.5 MPH)
|
| Bottom of the 6th over - 0 runs, 1 hit, 0 errors, 1 left on base; Helena 8 - Missoula 2 |
| TOP OF THE 7TH |
|
Helena Brewers batting - Pitching for Missoula Osprey : RHP Javier Rosales
|
|
Batting: RHB Jeremy Harden
|
0-0: Foul Ball, location: 2F 0-1: SOLO HOME RUN (Flyball, 8RXD, EV 99.4 MPH), Distance : 415 ft
|
|
Batting: LHB Fumito Sakurai
|
0-0: Called Strike 0-1: SOLO HOME RUN (Flyball, 7LD, EV 93.8 MPH), Distance : 329 ft
|
|
Batting: RHB Tony Beaumond
|
0-0: Foul Ball, location: 2F 0-1: Called Strike 0-2: Ball 1-2: Strikes out swinging
|
|
Batting: RHB Drew Forbess
|
0-0: Ground out 4-3 (Groundball, 4, EV 86.2 MPH)
|
|
Batting: RHB Curtis Montgomery
|
0-0: Ball 1-0: Foul Ball, location: 2F 1-1: Ball 2-1: Foul Ball, location: 2F 2-2: Ball 3-2: Foul Ball, location: 2F 3-2: Foul Ball, location: 2F 3-2: Base on Balls
|
|
Batting: RHB Xiao-shuang Au
|
0-0: Ball 1-0: Ball 2-0: Foul Ball, location: 2F 2-1: Called Strike 2-2: Strikes out looking
|
| Top of the 7th over - 2 runs, 2 hits, 0 errors, 1 left on base; Helena 10 - Missoula 2 |
| BOTTOM OF THE 7TH |
|
Missoula Osprey batting - Pitching for Helena Brewers : LHP Sam Glaser
|
|
Batting: RHB Isaiah Hampton
|
0-0: SINGLE (Groundball, 34D, EV 98.8 MPH)
|
|
Batting: RHB Jose Cuellar
|
0-0: Called Strike 0-1: Foul Ball, location: 2F 0-2: Ball 1-2: Ball 2-2: SINGLE (Groundball, 4MD, EV 106.2 MPH) Isaiah Hampton to second Runner from 2nd tries for 3rd, SAFE, throw by CF made to third
|
|
Batting: RHB David Powell
|
0-0: Ball 1-0: Swinging Strike 1-1: Ball 2-1: Ball 3-1: Foul Ball, location: 2F 3-2: Base on Balls Jose Cuellar to second
|
|
Batting: RHB Mike Smith
|
0-0: Fly out, F6 (Line Drive, 6, EV 70.0 MPH)
|
|
Batting: RHB Hector Tabares
|
0-0: Ball 1-0: Called Strike 1-1: Fly out, F9 (Flyball, 9, EV 87.5 MPH) Runner from 3rd tags up, SCORES, throw by RF Jose Cuellar to third
|
|
Batting: LHB Danny Salas
|
0-0: Ball 1-0: Ball 2-0: Ball 3-0: Called Strike 3-1: Swinging Strike 3-2: Foul Ball, location: 2F 3-2: Base on Balls David Powell to second
|
|
Batting: LHB Ron Mills
|
0-0: Swinging Strike 0-1: Ball 1-1: Called Strike 1-2: Strikes out looking
|
| Bottom of the 7th over - 1 run, 2 hits, 0 errors, 3 left on base; Helena 10 - Missoula 3 |
| TOP OF THE 8TH |
|
Helena Brewers batting - Pitching for Missoula Osprey : RHP Javier Rosales
|
|
Pitching: LHP Ian Tamburrino
|
|
|
Pinch Hitting: RHB Steve Errico
|
0-0: Ball 1-0: Foul Ball, location: 2F 1-1: Called Strike 1-2: Ball 2-2: Ground out 5-3 (Groundball, 56, EV 100.6 MPH)
|
|
Batting: RHB Wiliama Dana
|
0-0: Swinging Strike 0-1: Ball 1-1: Ball 2-1: Ball 3-1: Foul Ball, location: 2F 3-2: Ground out 2-3 (Groundball, 15S, EV 72.5 MPH)
|
|
Batting: RHB Mohammed bin Ubaida
|
0-0: Ball 1-0: Foul Ball, location: 2F 1-1: Ground out 5-3 (Groundball, 56S, EV 66.2 MPH)
|
| Top of the 8th over - 0 runs, 0 hits, 0 errors, 0 left on base; Helena 10 - Missoula 3 |
| BOTTOM OF THE 8TH |
|
Missoula Osprey batting - Pitching for Helena Brewers : LHP Sam Glaser
|
|
Now in LF: Jeremy Harden
|
|
|
Now in CF: Jesus Menjivar
|
|
|
Batting: RHB Edwin Romero
|
0-0: Swinging Strike 0-1: Swinging Strike 0-2: Ball 1-2: Ball 2-2: Strikes out looking
|
|
Batting: RHB Claude Leduc
|
0-0: Ground out 4-3 (Groundball, 4, EV 76.9 MPH)
|
|
Batting: RHB Isaiah Hampton
|
0-0: Ball 1-0: Ball 2-0: Ground out 5-3 (Groundball, 56, EV 90.0 MPH)
|
| Bottom of the 8th over - 0 runs, 0 hits, 0 errors, 0 left on base; Helena 10 - Missoula 3 |
| TOP OF THE 9TH |
|
Helena Brewers batting - Pitching for Missoula Osprey : LHP Ian Tamburrino
|
|
Batting: RHB Jeremy Harden
|
0-0: Called Strike 0-1: Ball 1-1: Ball 2-1: Foul Ball, location: 2F 2-2: Foul Ball, location: 2F 2-2: Ball 3-2: Ground out 5-3 (Groundball, 56, EV 88.1 MPH)
|
|
Batting: LHB Fumito Sakurai
|
0-0: Swinging Strike 0-1: Ball 1-1: Fly out, F8 (Line Drive, 8LD, EV 90.6 MPH)
|
|
Batting: RHB Tony Beaumond
|
0-0: Ball 1-0: Foul Ball, location: 2F 1-1: Ball 2-1: Fly out, F7 (Flyball, 7LM, EV 95.0 MPH)
|
| Top of the 9th over - 0 runs, 0 hits, 0 errors, 0 left on base; Helena 10 - Missoula 3 |
| BOTTOM OF THE 9TH |
|
Missoula Osprey batting - Pitching for Helena Brewers : LHP Sam Glaser
|
|
Batting: RHB Jose Cuellar
|
0-0: Fly out, F8 (Flyball, 8RM, EV 90.6 MPH)
|
|
Batting: RHB David Powell
|
0-0: Ball 1-0: Ball 2-0: Fly out, F4 (Popup, 34S, EV 86.2 MPH)
|
|
Batting: RHB Mike Smith
|
0-0: Called Strike 0-1: Swinging Strike 0-2: Strikes out swinging
|
| Bottom of the 9th over - 0 runs, 0 hits, 0 errors, 0 left on base; Helena 10 - Missoula 3 |
|